 Dungeon Crawl Stone Soup version 0.27-a0-346-ga689d4a613 (webtiles) character file.

Game seed: 778030486822186336

32 Lanoc the Archer (level 3, 0/46 HPs)
             Began as a Gnoll Hunter on Feb 15, 2021.
             Succumbed to an adder's poison
             ... on level 2 of the Dungeon.
             The game lasted 00:01:08 (1021 turns).

Lanoc the Archer (Gnoll Hunter)                     Turns: 1021, Time: 00:01:08

Health: 0/46       AC: 21    Str: 12    XL:     3   Next: 27%
Magic:  3/4        EV:  2    Int: 10    God:
Gold:   8          SH:  0    Dex: 12    Spells: 3/3 levels left

rFire    . . .     SeeInvis .   a - +1 shortbow
rCold    . . .     Faith    .   (shield currently unavailable)
rNeg     + + +     Spirit   .   (armour currently unavailable)
rPois    +         Reflect  .   (helmet currently unavailable)
rElec    .         Harm     .   (cloak currently unavailable)
rCorr    .         Rampage  .   (gloves currently unavailable)
Will     .....     NoTele   +   (boots currently unavailable)
Stlth    ++........             (no amulet)
HPRegen  0.15/turn              (no ring)
MPRegen  0.09/turn              (no ring)

@: lethally poisoned (0 -> -3), tree-form
A: distributed training, strong nose
a: no special abilities


You were on level 2 of the Dungeon.
You were a tree.
You visited 1 branch of the dungeon, and saw 2 of its levels.

You collected 8 gold pieces.

Inventory:

Hand Weapons
 a - a +1 shortbow (weapon)
 b - a +0 short sword
Armour
 c - a +0 leather armour (melded)
Jewellery
 h - a ring of magical power
Scrolls
 e - a scroll of teleportation {unknown}
 g - a scroll of noise {unknown}


   Skills:
 + Level 4.5 Fighting
 + Level 0.7 Short Blades
 + Level 0.7 Long Blades
 + Level 0.7 Axes
 + Level 0.7 Maces & Flails
 + Level 0.7 Polearms
 + Level 0.7 Staves
 + Level 0.7 Slings
 + Level 8.5 Bows
 + Level 0.7 Crossbows
 + Level 0.7 Throwing
 + Level 0.7 Armour
 + Level 4.5 Dodging
 + Level 2.3 Stealth
 + Level 0.7 Shields
 + Level 0.7 Unarmed Combat
 + Level 0.7 Spellcasting
 + Level 0.5 Conjurations
 + Level 0.5 Hexes
 + Level 0.5 Summonings
 + Level 0.5 Necromancy
 + Level 0.5 Translocations
 + Level 0.5 Transmutations
 + Level 0.5 Fire Magic
 + Level 0.5 Ice Magic
 + Level 0.5 Air Magic
 + Level 0.5 Earth Magic
 + Level 0.5 Poison Magic
 + Level 0.9 Invocations
 + Level 0.7 Evocations


You had 3 spell levels left.
You didn't know any spells.
Your spell library was empty.

Dungeon Overview and Level Annotations

Branches:
Dungeon (2/15)

Altars:


Innate Abilities, Weirdness & Mutations

Your experience applies equally to all skills.
((You have very sharp teeth.))
Your uncanny sense of smell can sniff out nearby items.


Message History

Aim: a kobold, wielding a +0 dagger and quivering stones (severely wounded, 59% to hit)
You shoot an arrow. The arrow hits the kobold.
You kill the kobold!
* * * LOW HITPOINT WARNING * * *
You feel sick. The kobold hits you but does no damage.
The ball python completely misses you. The ball python constricts you.
Fire: 5 arrows
Press: ? - help, Q - select action Shift-Dir - straight line, f - ball python
Aim: a ball python (constricting you, 62% to hit)
You shoot an arrow.
The arrow barely misses the ball python.
The ball python bites you but does no damage.
The ball python constricts you. The kobold hits you but does no damage.
Fire: 4 arrows
Press: ? - help, Q - select action Shift-Dir - straight line, f/p - ball python
Aim: a ball python (constricting you, 62% to hit)
You shoot an arrow. The arrow hits the ball python.
The ball python is moderately wounded.
* * * LOW HITPOINT WARNING * * *
You feel sick.
The ball python bites you but does no damage.
The ball python constricts you. The kobold hits you but does no damage.
Fire: 3 arrows
Press: ? - help, Q - select action Shift-Dir - straight line, f/p - ball python
Aim: a ball python (moderately wounded, constricting you, 62% to hit)
You shoot an arrow. The arrow hits the ball python.
You kill the ball python!
The kobold hits you but does no damage.
Fire: 2 arrows
Press: ? - help, Q - select action Shift-Dir - straight line, f - kobold
Aim: a kobold, wielding a +0 club and quivering stones (59% to hit)
You shoot an arrow.
The arrow hits the kobold but does no damage.
The kobold hits you but does no damage.
Fire: arrow
Press: ? - help, Q - select action Shift-Dir - straight line, f/p - kobold
Aim: a kobold, wielding a +0 club and quivering stones (59% to hit)
You shoot an arrow. The arrow hits the kobold!
You kill the kobold!
You die...

##########.# ∆ #
## #÷# # ...
##.##.#
###>##...#.# ∆
...........#
###.##...######
...##.)..........
............#.####
......#...#)♣(#
.#...#######)(#
#... ...# .... ∆
##.## ... ..# ...
∆ .## #


There were no monsters in sight!

Vanquished Creatures
  2 adders (D:2)
  A giant cockroach (D:1)
  A goblin (D:2)
  2 hobgoblins (D:1)
  A jackal (D:2)
  A ball python (D:2)
  A bat (D:2)
  A frilled lizard (D:2)
  4 kobolds
  3 rats
17 creatures vanquished.

Vanquished Creatures (others)
  12 plants (D:2)
12 creatures vanquished.

Grand Total: 29 creatures vanquished

Notes
Turn   | Place    | Note
-------+----------+-------------------------------------------
     0 | D:1      | Lanoc the Gnoll Hunter began the quest for the Orb.
     0 | D:1      | Reached XP level 1. HP: 20/20 MP: 1/1
     0 | D:1      | Noticed a large abomination
     0 | D:1      | Noticed an orb of fire
     1 | D:1      | Noticed an orb of fire
     4 | D:1      | Noticed a shadow dragon
     4 | D:1      | Noticed an iron dragon
     6 | D:1      | Noticed an iron dragon
     7 | D:1      | Noticed an iron dragon
     8 | D:1      | Noticed a yellow draconian
     9 | D:1      | Noticed a tentacled monstrosity
    11 | D:1      | Noticed an iron dragon
    11 | D:1      | Noticed an ice dragon
    13 | D:1      | Noticed an ice dragon
    13 | D:1      | Noticed an orb of fire
    15 | D:1      | Noticed a tentacled monstrosity
    15 | D:1      | Noticed a red draconian
    15 | D:1      | Noticed an iron dragon
    19 | D:1      | Noticed a large abomination
   309 | D:1      | Reached XP level 2. HP: 4/26 MP: 2/2
  1016 | D:2      | Reached XP level 3. HP: 2/31 MP: 3/3
  1016 | D:2      | HP: 1/46 [poisoned by an adder]
  1021 | D:2      | Succumbed to an adder's poison

Illustrated notes

Levels and vault maps discovered:
D:1:      shiori_arrival_whats_in_store_for_you, layout_basic, serial_forest,
          infiniplex_forest_lined_room_, infiniplex_forest_clump_small,
          infiniplex_forest_end_2, infiniplex_forest_straight_4,
          infiniplex_forest_zigzag_1, infiniplex_forest_clump_curved,
          infiniplex_forest_clump_curved, infiniplex_forest_lined_corner
D:2:      layout_loops_ring, chequers_big_river, minmay_between

Action                   || total
-------------------------++-------
Melee: Short sword       ||    32
       Bite              ||     1
 Fire: Shortbow          ||    32
  Use: Potion            ||     2
Armor: Leather armour    ||    11
       Skin              ||    27
Dodge: Dodged            ||    27

Table legend: (Time is in decaauts)
 A = Elapsed time spent in this place.
 B = Non-inter-level travel time spent in this place.
 C = Inter-level travel time spent in this place.
 D = Time resting spent in this place.
 E = Time spent auto-exploring this place.
 F = Levels seen in this place.
 G = Mean time per level.
                   A        B        C        D        E       F      G
               +--------+--------+--------+--------+--------+-----+--------+
         Total |   1017 |   1002 |     15 |     27 |    873 |   2 |  508.5 |
       Dungeon |   1017 |   1002 |     15 |     27 |    873 |   2 |  508.5 |
               +--------+--------+--------+--------+--------+-----+--------+

Top non-repeatable levels by time:
     D:1: 598 daAuts
     D:2: 419 daAuts
